Oilers vs Penguins

Created - January 3, 2024 at 21:41

Goals
1 2 3 OT1 SO T
Oilers 1 1 1 0 0 3
Penguins 0 1 2 0 1 4
Shots
1 2 3 OT1 SO T
Oilers 13 9 11 1 3 34
Penguins 11 18 14 1 2 44

1st period

1. Oilers , Marcus Pettersson 3 (Tyler Bertuzzi 5, Frederik Gauthier 6) at 13:50

Penalties :
Leon Draisaitl (Edm) for Holding Stick (Minor) at 9:30

2nd period

2. Penguins , Dmitrij Jaskin 4 (Brandon Tanev 5, Nick Leddy 13) at 12:01
3. Oilers , Ryan Nugent-Hopkins 8 (Leon Draisaitl 9, Darnell Nurse 2) at 15:02 (SH)

Penalties :
Marcus Johansson (Pit) for Interference (Minor) at 1:33, Kyle Clifford (Edm) for Slashing (Minor) at 6:08, Brady Skjei (Edm) for Hooking (Minor) at 14:22, Cam Barker (Edm) for High sticking (Minor) at 18:52

3rd period

4. Penguins , Derek Stepan 12 (Marcus Foligno 13, Oscar Klefbom 24) at 0:36 (PP)
5. Penguins , Sebastian Aho 11 (Mark Scheifele 28, Nick Leddy 14) at 2:27
6. Oilers , Frederik Gauthier 8 (Darnell Nurse 3, Brady Skjei 18) at 4:14 (SH)

Penalties :
Dalton Prout (Edm) for Holding (Minor) at 2:42, Marcus Johansson (Pit) for Hooking (Minor) at 9:07

Overtime #1

No Goal

Penalties :
No Penalty

Shootout

Oilers, Connor McDavid - Stopped by Andrei Vasilevskiy
Penguins, Mark Scheifele - Stopped by Carter Hart
Oilers, Kyle Clifford - Stopped by Andrei Vasilevskiy
Penguins, Jake Guentzel - Goal!
Oilers, Connor Brown - Stopped by Andrei Vasilevskiy

Penalties :
No Penalty

Goalie Stats

Carter Hart (Edm), 41 saves from 44 shots - (0.932), OTL, 15-9-1, 65:00 minutes
Andrei Vasilevskiy (Pit), 31 saves from 34 shots - (0.912), W, 13-9-3, 65:00 minutes

Players Stats for Oilers

Player Name              G  A  P  +/- PIM S  H  SB GA TA FO     MP     PP MP  PK MP  
------------------------------------------------------------------------------------
Anton Slepyshev          0  0  0   0  0   0  1  0  0  0  0/0     9:47   0:00   1:57 
Brady Skjei              0  1  1   1  2   3  1  0  2  1  0/0    29:56   2:09   4:49 
Cam Barker               0  0  0  -2  2   1  2  2  0  0  0/0    19:43   1:49   2:33 
Connor Brown             0  0  0  -1  0   3  0  0  0  2  2/2    17:19   1:52   0:00 
Connor McDavid           0  0  0  -1  0   6  0  0  1  1  21/42  23:44   2:06   5:49 
Dalton Prout             0  0  0  -2  2   1  0  1  0  1  0/0    18:09   0:00   3:12 
Darnell Nurse            0  2  2   2  0   0  3  3  0  0  0/0    31:28   1:49   6:48 
Frederik Gauthier        1  1  2   2  0   2  0  0  0  0  1/6    15:06   0:00   1:18 
Jake Virtanen            0  0  0   1  0   3  0  0  1  0  1/1    12:08   0:00   0:00 
Kyle Clifford            0  0  0  -1  2   2  1  1  0  2  1/2    22:51   1:52   4:43 
Leon Draisaitl           0  1  1   1  2   2  1  0  1  0  0/1    18:30   2:06   2:05 
Marcus Pettersson        1  0  1   2  0   2  3  0  0  0  0/0    15:16   2:09   1:58 
Mark Jankowski           0  0  0  -1  0   0  1  1  0  0  1/2     6:29   0:00   0:00 
Mattias Ekholm           0  0  0   1  0   0  1  3  0  1  0/0    10:45   0:00   0:00 
Ryan Nugent-Hopkins      1  0  1   1  0   4  0  0  0  2  9/16   18:41   1:52   3:20 
Timo Meier               0  0  0   0  0   2  0  1  0  0  0/0    15:18   2:06   0:00 
Tyler Bertuzzi           0  1  1   1  0   3  0  0  0  0  0/0    12:44   0:00   0:08 
Zach Hyman               0  0  0  -1  0   0  1  1  0  0  0/0     7:21   0:00   0:00 

Players Stats for Penguins

Player Name              G  A  P  +/- PIM S  H  SB GA TA FO     MP     PP MP  PK MP  
------------------------------------------------------------------------------------
Brandon Tanev            0  1  1   1  0   2  0  0  1  0  0/0     8:29   0:00   0:58 
Danny DeKeiser           0  0  0   0  0   2  1  2  1  1  0/0    19:35   0:00   2:32 
Derek Stepan             1  0  1  -2  0   4  4  0  0  0  3/5    18:36   3:49   0:11 
Dmitrij Jaskin           1  0  1   1  0   4  0  1  0  0  0/0     7:41   0:00   0:00 
Evan Rodrigues           0  0  0   1  0   0  0  0  0  0  0/4     7:31   0:00   0:00 
Jake Guentzel            0  0  0  -2  0   1  0  0  1  0  0/2    21:18   5:51   0:31 
Keith Aulie              0  0  0  -1  0   1  2  1  1  1  0/0    20:02   3:08   1:26 
Marcus Foligno           0  1  1  -2  0   1  3  2  0  0  3/3    20:16   3:49   2:22 
Marcus Johansson         0  0  0   0  4   2  2  0  1  0  2/3    22:13   3:49   0:00 
Mark Scheifele           0  1  1   0  0   3  1  1  0  0  5/10   25:14   5:51   0:58 
Max Reinhart             0  0  0   0  0   3  0  0  0  0  4/12   12:54   0:07   2:29 
Neal Pionk               0  0  0  -1  0   1  1  5  0  0  0/0    22:17   0:00   1:26 
Nick Leddy               0  2  2   1  0   1  1  1  0  0  0/0    17:13   6:32   0:00 
Oscar Klefbom            0  1  1  -2  0   3  0  2  2  0  0/0    31:28   6:32   2:32 
Pavel Buchnevich         0  0  0   0  0   2  0  0  1  1  0/0     9:55   0:00   0:00 
Sebastian Aho            1  0  1   0  0   8  3  0  1  0  18/32  22:07   5:44   0:00 
Tom Wilson               0  0  0   0  0   2  1  0  1  2  1/1     9:46   0:00   0:27 
Tyson Barrie             0  0  0   1  0   4  1  0  0  0  0/0    14:25   3:08   0:00 

3 Stars

1 - Darnell Nurse (Edm)
2 - Frederik Gauthier (Edm)
3 - Marcus Pettersson (Edm)

Power Play

Oilers - 0 on 2 Attempt(s) - 0.00%
Penguins - 1 on 5 Attempt(s) - 20.00%

Penalty Kill

Oilers - 4 on 5 Attempt(s) - 80.00% - Score 2 goal in Penalty Kill
Penguins - 2 on 2 Attempt(s) - 100.00% - Score 0 goal in Penalty Kill

Team Stat

Oilers - Hits : 15 - Faceoff Wins : 36 - Blocked Shots : 13 - Penalty Minutes : 10
Penguins - Hits : 20 - Faceoff Wins : 36 - Blocked Shots : 15 - Penalty Minutes : 4

Official

Referees : Corey Syvret and Francois St. Laurent
Linesman : Kory Nagy and Libor Suchanek

Game Notes

No Game Note

Finance

Level 1 -- Attendance: 6000 (100.00%) -- Ticket Income $600,000
Level 2 -- Attendance: 5000 (100.00%) -- Ticket Income $300,000
Level 3 -- Attendance: 2000 (100.00%) -- Ticket Income $70,000
Level 4 -- Attendance: 3837 (95.93%) -- Ticket Income $95,925
Luxury Box -- Attendance: 988 (98.80%) -- Ticket Income $197,600
Game was played at the PPG Paint Arena.
Total Attendance: 17825 (99.03%)
Total Ticket Income: $1,263,525
Other Income: $189,529
Total Income: $1,453,054

Oilers

5 vs 5 Forward 
   Center                   Left Wing                Right Wing               Time % Phy DF OF 
 1 Connor McDavid           Kyle Clifford            Connor Brown             40     1   2  2  
 2 Ryan Nugent-Hopkins      Leon Draisaitl           Timo Meier               30     1   2  2  
 3 Frederik Gauthier        Tyler Bertuzzi           Jake Virtanen            20     1   2  2  
 4 Mark Jankowski           Anton Slepyshev          Zach Hyman               10     1   2  2  

5 vs 5 Defense 
   Defense                  Defense                                           Time % Phy DF OF 
 1 Brady Skjei              Darnell Nurse                                     40     1   2  2  
 2 Cam Barker               Dalton Prout                                      30     1   2  2  
 3 Marcus Pettersson        Mattias Ekholm                                    20     1   2  2  
 4 Brady Skjei              Darnell Nurse                                     10     1   2  2  

PowerPlay Forward 
   Center                   Left Wing                Right Wing               Time % Phy DF OF 
 1 Connor McDavid           Leon Draisaitl           Timo Meier               60     1   2  2  
 2 Ryan Nugent-Hopkins      Kyle Clifford            Connor Brown             40     1   2  2  

PowerPlay Defense
   Defense                  Defense                                           Time % Phy DF OF 
 1 Brady Skjei              Marcus Pettersson                                 60     1   2  2  
 2 Darnell Nurse            Cam Barker                                        40     1   2  2  

Penalty Kill 4 Players Forward 
   Center                   Wing                     Time % Phy DF OF 
 1 Connor McDavid           Kyle Clifford            60     0   4  1  
 2 Ryan Nugent-Hopkins      Leon Draisaitl           40     0   4  1  

Penalty Kill 4 Players Defense
   Defense                  Defense                  Time % Phy DF OF 
 1 Brady Skjei              Darnell Nurse            60     0   5  0  
 2 Cam Barker               Dalton Prout             40     0   5  0  

Penalty Kill - 3 Players Forward 
   Forward                                           Time % Phy DF OF 
 1 Connor McDavid                                    60     0   5  0  
 2 Ryan Nugent-Hopkins                               40     0   5  0  

Penalty Kill - 3 Players Defense
   Defense                  Defense                  Time % Phy DF OF 
 1 Brady Skjei              Darnell Nurse            60     0   5  0  
 2 Cam Barker               Dalton Prout             40     0   5  0  

4 vs 4 Forward 
   Center                   Wing                     Time % Phy DF OF 
 1 Connor McDavid           Kyle Clifford            60     1   2  2  
 2 Ryan Nugent-Hopkins      Leon Draisaitl           40     1   2  2  

4 vs 4 Defense
   Defense                  Defense                  Time % Phy DF OF 
 1 Brady Skjei              Darnell Nurse            60     1   2  2  
 2 Cam Barker               Dalton Prout             40     1   2  2  

Last Minutes Offensive
   Center                   Left Wing                Right Wing               Defense                  Defense                  
   Connor McDavid           Kyle Clifford            Connor Brown             Brady Skjei              Darnell Nurse            

Last Minutes Defensive
   Center                   Left Wing                Right Wing               Defense                  Defense                  
   Connor McDavid           Kyle Clifford            Connor Brown             Brady Skjei              Darnell Nurse            

Goaltenders
Starting : Carter Hart              
Backup : Mikko Koskinen           

Extra Forwards
Normal : Ryan Nugent-Hopkins, Timo Meier, Zach Hyman - PP : Ryan Nugent-Hopkins, Timo Meier - PK : Ryan Nugent-Hopkins
Extra Defensemen
Normal : Dalton Prout, Marcus Pettersson, Mattias Ekholm - PP : Dalton Prout - PK : Dalton Prout, Marcus Pettersson
Penalty Shots
Connor McDavid, Kyle Clifford, Connor Brown, Leon Draisaitl, Ryan Nugent-Hopkins
Custom OT Lines Forwards
Connor McDavid, Kyle Clifford, Connor Brown, Leon Draisaitl, Ryan Nugent-Hopkins, Timo Meier, Zach Hyman, Tyler Bertuzzi, Frederik Gauthier, Jake Virtanen
Custom OT Lines Defensemen
Brady Skjei, Darnell Nurse, Cam Barker, Dalton Prout, Marcus Pettersson

Scratches
None

Penguins

5 vs 5 Forward 
   Center                   Left Wing                Right Wing               Time % Phy DF OF 
 1 Sebastian Aho            Marcus Johansson         Mark Scheifele           40     1   2  2  
 2 Derek Stepan             Jake Guentzel            Marcus Foligno           30     1   2  2  
 3 Max Reinhart             Pavel Buchnevich         Tom Wilson               20     1   2  2  
 4 Evan Rodrigues           Brandon Tanev            Dmitrij Jaskin           10     1   2  2  

5 vs 5 Defense 
   Defense                  Defense                                           Time % Phy DF OF 
 1 Oscar Klefbom            Neal Pionk                                        40     1   2  2  
 2 Danny DeKeiser           Keith Aulie                                       30     1   2  2  
 3 Nick Leddy               Tyson Barrie                                      20     1   2  2  
 4 Oscar Klefbom            Neal Pionk                                        10     1   2  2  

PowerPlay Forward 
   Center                   Left Wing                Right Wing               Time % Phy DF OF 
 1 Sebastian Aho            Jake Guentzel            Mark Scheifele           60     1   1  3  
 2 Derek Stepan             Marcus Johansson         Marcus Foligno           40     1   1  3  

PowerPlay Defense
   Defense                  Defense                                           Time % Phy DF OF 
 1 Oscar Klefbom            Nick Leddy                                        60     1   1  3  
 2 Keith Aulie              Tyson Barrie                                      40     1   1  3  

Penalty Kill 4 Players Forward 
   Center                   Wing                     Time % Phy DF OF 
 1 Max Reinhart             Marcus Foligno           60     1   3  1  
 2 Mark Scheifele           Brandon Tanev            40     1   3  1  

Penalty Kill 4 Players Defense
   Defense                  Defense                  Time % Phy DF OF 
 1 Oscar Klefbom            Danny DeKeiser           60     1   3  1  
 2 Keith Aulie              Neal Pionk               40     1   3  1  

Penalty Kill - 3 Players Forward 
   Forward                                           Time % Phy DF OF 
 1 Max Reinhart                                      60     1   3  1  
 2 Marcus Foligno                                    40     1   3  1  

Penalty Kill - 3 Players Defense
   Defense                  Defense                  Time % Phy DF OF 
 1 Danny DeKeiser           Oscar Klefbom            60     1   3  1  
 2 Keith Aulie              Neal Pionk               40     1   3  1  

4 vs 4 Forward 
   Center                   Wing                     Time % Phy DF OF 
 1 Sebastian Aho            Jake Guentzel            60     1   2  2  
 2 Derek Stepan             Mark Scheifele           40     1   2  2  

4 vs 4 Defense
   Defense                  Defense                  Time % Phy DF OF 
 1 Oscar Klefbom            Neal Pionk               60     1   2  2  
 2 Danny DeKeiser           Keith Aulie              40     1   2  2  

Last Minutes Offensive
   Center                   Left Wing                Right Wing               Defense                  Defense                  
   Sebastian Aho            Jake Guentzel            Mark Scheifele           Oscar Klefbom            Danny DeKeiser           

Last Minutes Defensive
   Center                   Left Wing                Right Wing               Defense                  Defense                  
   Max Reinhart             Brandon Tanev            Marcus Foligno           Oscar Klefbom            Danny DeKeiser           

Goaltenders
Starting : Andrei Vasilevskiy       
Backup : Braden Holtby            

Extra Forwards
Normal : Mark Scheifele, Jake Guentzel, Pavel Buchnevich - PP : Mark Scheifele, Jake Guentzel - PK : Tom Wilson
Extra Defensemen
Normal : Oscar Klefbom, Keith Aulie, Tyson Barrie - PP : Nick Leddy - PK : Danny DeKeiser, Keith Aulie
Penalty Shots
Mark Scheifele, Jake Guentzel, Marcus Foligno, Derek Stepan, Marcus Johansson
Custom OT Lines Forwards
Mark Scheifele, Jake Guentzel, Derek Stepan, Marcus Johansson, Marcus Foligno, Max Reinhart, Pavel Buchnevich, Tom Wilson, Brandon Tanev, Dmitrij Jaskin
Custom OT Lines Defensemen
Danny DeKeiser, Oscar Klefbom, Keith Aulie, Nick Leddy, Neal Pionk

Scratches
None


% Time on Ice - Oilers

Lines # - Real PCT - Wanted PCT - Time Play
Normal Forward
1 - 33% - 40% - 15:25
2 - 27% - 30% - 12:20
3 - 26% - 20% - 12:08
4 - 14% - 10% - 6:29
Normal Defense
1 - 41% - 40% - 18:56
2 - 32% - 30% - 14:43
3 - 23% - 20% - 10:45
4 - 4% - 10% - 1:58
PP Forward
1 - 53% - 60% - 2:06
2 - 47% - 40% - 1:52
PP Defense
1 - 54% - 60% - 2:09
2 - 46% - 40% - 1:49
PK Forward
1 - 76% - 60% - 7:19
2 - 24% - 40% - 2:21
PK Defense
1 - 70% - 60% - 6:48
2 - 30% - 40% - 2:52
PK3 Forward
1 - 0% - 60%
2 - 0% - 40%
PK3 Defense
1 - 0% - 60%
2 - 0% - 40%
44 Forward
1 - 0% - 60%
2 - 0% - 40%
44 Defense
1 - 0% - 60%
2 - 0% - 40%
Last Minute Offensive  - 0:00
Last Minute Defensive  - 0:00
Total
Forward - 60:00
Defense - 60:00

% Time on Ice - Penguins

Lines # - Real PCT - Wanted PCT - Time Play
Normal Forward
1 - 36% - 40% - 16:40
2 - 28% - 30% - 12:53
3 - 20% - 20% - 9:18
4 - 16% - 10% - 7:31
Normal Defense
1 - 42% - 40% - 19:23
2 - 32% - 30% - 14:54
3 - 23% - 20% - 10:41
4 - 3% - 10% - 1:24
PP Forward
1 - 61% - 60% - 5:51
2 - 39% - 40% - 3:49
PP Defense
1 - 68% - 60% - 6:32
2 - 32% - 40% - 3:08
PK Forward
1 - 76% - 60% - 3:00
2 - 24% - 40% - 0:58
PK Defense
1 - 64% - 60% - 2:32
2 - 36% - 40% - 1:26
PK3 Forward
1 - 0% - 60%
2 - 0% - 40%
PK3 Defense
1 - 0% - 60%
2 - 0% - 40%
44 Forward
1 - 0% - 60%
2 - 0% - 40%
44 Defense
1 - 0% - 60%
2 - 0% - 40%
Last Minute Offensive  - 0:00
Last Minute Defensive  - 0:00
Total
Forward - 60:00
Defense - 60:00

Play-by-Play

1st period


0:01 of 1st period - Mark Scheifele wins face-off versus Connor McDavid in neutral zone.
0:04 of 1st period - Slapshot by Oscar Klefbom.
0:04 of 1st period - Stopped by Carter Hart with a rebound.
0:52 of 1st period - Darnell Nurse is hit by Marcus Foligno and loses puck.
1:38 of 1st period - Slapshot by Dmitrij Jaskin.
1:38 of 1st period - Shot Misses the Net.
3:15 of 1st period - Off-side.
3:16 of 1st period - Marcus Foligno wins face-off versus Frederik Gauthier in neutral zone.
3:41 of 1st period - Marcus Foligno is hit by Darnell Nurse and loses puck.
3:58 of 1st period - Wrist shot by Jake Virtanen.
3:58 of 1st period - Stopped by Andrei Vasilevskiy with a rebound.
4:00 of 1st period - Slapshot by Mattias Ekholm.
4:00 of 1st period - Shot Misses the Net.
4:02 of 1st period - Slapshot by Tyler Bertuzzi.
4:02 of 1st period - Shot Misses the Net.
4:04 of 1st period - Snap shot by Jake Virtanen.
4:04 of 1st period - Stopped by Andrei Vasilevskiy with a rebound.
4:06 of 1st period - Slapshot by Tyler Bertuzzi.
4:06 of 1st period - Shot Misses the Net.
4:46 of 1st period - Wrist shot by Jake Guentzel.
4:46 of 1st period - Shot Blocked by Cam Barker.
4:48 of 1st period - Slapshot by Danny DeKeiser.
4:48 of 1st period - Stopped by Carter Hart with a rebound.
4:56 of 1st period - Snap shot by Jake Guentzel.
4:56 of 1st period - Shot Misses the Net.
4:58 of 1st period - Slapshot by Danny DeKeiser.
4:58 of 1st period - Shot Misses the Net.
5:10 of 1st period - Slapshot by Jake Guentzel.
5:10 of 1st period - Shot Misses the Net.
5:26 of 1st period - Snap shot by Tyler Bertuzzi.
5:26 of 1st period - Shot Blocked by Neal Pionk.
5:32 of 1st period - Snap shot by Jake Virtanen.
5:32 of 1st period - Shot Blocked by Marcus Foligno.
6:06 of 1st period - Wrist shot by Tyler Bertuzzi.
6:06 of 1st period - Stopped by Andrei Vasilevskiy with a rebound.
6:08 of 1st period - Backhand shot by Tyler Bertuzzi.
6:08 of 1st period - Stopped by Andrei Vasilevskiy without a rebound.
6:09 of 1st period - Sebastian Aho wins face-off versus Connor McDavid in Penguins zone.
6:22 of 1st period - Snap shot by Sebastian Aho.
6:22 of 1st period - Deflect By Mark Scheifele.
6:22 of 1st period - Shot Misses the Net.
6:22 of 1st period - Puck is out of play.
6:23 of 1st period - Connor McDavid wins face-off versus Sebastian Aho in Oilers zone.
6:50 of 1st period - Darnell Nurse is hit by Keith Aulie.
7:22 of 1st period - Wrist shot by Anton Slepyshev.
7:22 of 1st period - Shot Misses the Net.
8:28 of 1st period - Slapshot by Tom Wilson.
8:28 of 1st period - Deflect By Pavel Buchnevich.
8:28 of 1st period - Stopped by Carter Hart without a rebound.
8:29 of 1st period - Ryan Nugent-Hopkins wins face-off versus Max Reinhart in Oilers zone.
8:29 of 1st period - Ryan Nugent-Hopkins is hit by Tom Wilson.
8:39 of 1st period - Snap shot by Max Reinhart.
8:39 of 1st period - Shot Misses the Net.
8:41 of 1st period - Wrist shot by Keith Aulie.
8:41 of 1st period - Deflect By Pavel Buchnevich.
8:41 of 1st period - Stopped by Carter Hart with a rebound.
8:43 of 1st period - Snap shot by Pavel Buchnevich.
8:43 of 1st period - Shot Blocked by Dalton Prout.
8:53 of 1st period - Mark Scheifele is hit by Cam Barker and loses puck.
9:04 of 1st period - Kyle Clifford is hit by Neal Pionk and loses puck.
9:21 of 1st period - Snap shot by Dmitrij Jaskin.
9:21 of 1st period - Shot Blocked by Mark Jankowski.
9:23 of 1st period - Wrist shot by Dmitrij Jaskin.
9:23 of 1st period - Stopped by Carter Hart with a rebound.
9:25 of 1st period - Slapshot by Tyson Barrie.
9:25 of 1st period - Stopped by Carter Hart without a rebound.
9:26 of 1st period - Sebastian Aho wins face-off versus Ryan Nugent-Hopkins in Oilers zone.
9:30 of 1st period - Minor Penalty to Leon Draisaitl for Holding Stick.
9:31 of 1st period - Connor McDavid wins face-off versus Sebastian Aho in Oilers zone.
10:31 of 1st period - Mark Scheifele is hit by Cam Barker and loses puck.
11:10 of 1st period - Dalton Prout is hit by Sebastian Aho and loses puck.
11:30 of 1st period - Penalty to Leon Draisaitl is over, Leon Draisaitl is back on ice.
11:31 of 1st period - Derek Stepan is hit by Brady Skjei and loses puck.
11:48 of 1st period - Wrist shot by Tyler Bertuzzi.
11:48 of 1st period - Deflect By Leon Draisaitl.
11:48 of 1st period - Shot Misses the Net.
11:48 of 1st period - Puck is out of play.
11:49 of 1st period - Ryan Nugent-Hopkins wins face-off versus Max Reinhart in Penguins zone.
11:57 of 1st period - Icing by Oscar Klefbom.
11:58 of 1st period - Ryan Nugent-Hopkins wins face-off versus Max Reinhart in Penguins zone.
11:59 of 1st period - Backhand shot by Leon Draisaitl.
11:59 of 1st period - Shot Blocked by Neal Pionk.
12:11 of 1st period - Snap shot by Tom Wilson.
12:11 of 1st period - Stopped by Carter Hart with a rebound.
12:13 of 1st period - Wrist shot by Pavel Buchnevich.
12:13 of 1st period - Deflect By Max Reinhart.
12:13 of 1st period - Shot Blocked by Timo Meier.
12:13 of 1st period - Puck is out of play.
12:14 of 1st period - Connor McDavid wins face-off versus Mark Scheifele in Oilers zone.
12:29 of 1st period - Snap shot by Sebastian Aho.
12:29 of 1st period - Stopped by Carter Hart with a rebound.
12:49 of 1st period - Anton Slepyshev is hit by Marcus Johansson.
13:48 of 1st period - Wrist shot by Tyler Bertuzzi.
13:48 of 1st period - Shot Misses the Net.
13:50 of 1st period - Slapshot by Marcus Pettersson.
13:50 of 1st period - Goal by Marcus Pettersson - Oilers : 1 - Penguins : 0.
13:51 of 1st period - Connor McDavid wins face-off versus Sebastian Aho in neutral zone.
14:08 of 1st period - Snap shot by Connor Brown.
14:08 of 1st period - Shot Misses the Net.
14:52 of 1st period - Slapshot by Nick Leddy.
14:52 of 1st period - Shot Blocked by Mattias Ekholm.
15:05 of 1st period - Off-side.
15:06 of 1st period - Connor Brown wins face-off versus Evan Rodrigues in neutral zone.
15:09 of 1st period - Wrist shot by Connor McDavid.
15:09 of 1st period - Stopped by Andrei Vasilevskiy with a rebound.
15:14 of 1st period - Off-side.
15:15 of 1st period - Sebastian Aho wins face-off versus Connor McDavid in neutral zone.
15:43 of 1st period - Snap shot by Connor McDavid.
15:43 of 1st period - Shot Blocked by Oscar Klefbom.
15:45 of 1st period - Snap shot by Brady Skjei.
15:45 of 1st period - Stopped by Andrei Vasilevskiy without a rebound.
15:46 of 1st period - Derek Stepan wins face-off versus Ryan Nugent-Hopkins in Penguins zone.
16:55 of 1st period - Slapshot by Cam Barker.
16:55 of 1st period - Deflect By Connor McDavid.
16:55 of 1st period - Shot Blocked by Neal Pionk.
16:55 of 1st period - Puck is out of play.
16:56 of 1st period - Connor McDavid wins face-off versus Evan Rodrigues in Penguins zone.
16:57 of 1st period - Wrist shot by Connor Brown.
16:57 of 1st period - Deflect By Connor McDavid.
16:57 of 1st period - Stopped by Andrei Vasilevskiy without a rebound.
16:58 of 1st period - Connor McDavid wins face-off versus Evan Rodrigues in Penguins zone.
17:05 of 1st period - Wrist shot by Connor Brown.
17:05 of 1st period - Shot Misses the Net.
17:07 of 1st period - Wrist shot by Kyle Clifford.
17:07 of 1st period - Stopped by Andrei Vasilevskiy with a rebound.
17:15 of 1st period - Slapshot by Connor Brown.
17:15 of 1st period - Shot Blocked by Nick Leddy.
17:17 of 1st period - Slapshot by Brady Skjei.
17:17 of 1st period - Deflect By Kyle Clifford.
17:17 of 1st period - Stopped by Andrei Vasilevskiy with a rebound.
17:19 of 1st period - Slapshot by Brady Skjei.
17:19 of 1st period - Stopped by Andrei Vasilevskiy without a rebound.
17:20 of 1st period - Sebastian Aho wins face-off versus Ryan Nugent-Hopkins in Penguins zone.
17:33 of 1st period - Snap shot by Sebastian Aho.
17:33 of 1st period - Stopped by Carter Hart without a rebound.
17:34 of 1st period - Connor McDavid wins face-off versus Sebastian Aho in Oilers zone.
17:34 of 1st period - Connor McDavid is hit by Sebastian Aho.
18:09 of 1st period - Wrist shot by Timo Meier.
18:09 of 1st period - Shot Blocked by Marcus Foligno.
18:11 of 1st period - Slapshot by Timo Meier.
18:11 of 1st period - Shot Misses the Net.
18:45 of 1st period - Snap shot by Mark Scheifele.
18:45 of 1st period - Stopped by Carter Hart with a rebound.
19:16 of 1st period - Wrist shot by Connor McDavid.
19:16 of 1st period - Shot Misses the Net.
19:18 of 1st period - Wrist shot by Connor Brown.
19:18 of 1st period - Shot Blocked by Dmitrij Jaskin.
19:20 of 1st period - Snap shot by Kyle Clifford.
19:20 of 1st period - Shot Misses the Net.
19:22 of 1st period - Wrist shot by Kyle Clifford.
19:22 of 1st period - Deflect By Connor Brown.
19:22 of 1st period - Stopped by Andrei Vasilevskiy without a rebound.
19:23 of 1st period - Ryan Nugent-Hopkins wins face-off versus Mark Scheifele in Penguins zone.
19:28 of 1st period - Snap shot by Ryan Nugent-Hopkins.
19:28 of 1st period - Shot Misses the Net.
19:30 of 1st period - Slapshot by Leon Draisaitl.
19:30 of 1st period - Stopped by Andrei Vasilevskiy without a rebound.
19:31 of 1st period - Sebastian Aho wins face-off versus Ryan Nugent-Hopkins in Penguins zone.
19:52 of 1st period - Wrist shot by Sebastian Aho.
19:52 of 1st period - Stopped by Carter Hart with a rebound.
19:58 of 1st period - Wrist shot by Ryan Nugent-Hopkins.
19:58 of 1st period - Shot Misses the Net.
Goals for this period are 1 for Oilers vs 0 for Penguins.
Shots for this period are 13 for Oilers vs 11 for Penguins.

2nd period


0:01 of 2nd period - Marcus Johansson wins face-off versus Connor McDavid in neutral zone.
0:53 of 2nd period - Brady Skjei is hit by Keith Aulie and loses puck.
1:30 of 2nd period - Slapshot by Brady Skjei.
1:30 of 2nd period - Deflect By Connor McDavid.
1:30 of 2nd period - Stopped by Andrei Vasilevskiy without a rebound.
1:31 of 2nd period - Sebastian Aho wins face-off versus Connor McDavid in Penguins zone.
1:33 of 2nd period - Minor Penalty to Marcus Johansson for Interference.
1:34 of 2nd period - Connor McDavid wins face-off versus Max Reinhart in Penguins zone.
1:50 of 2nd period - Marcus Foligno is hit by Marcus Pettersson and loses puck.
2:19 of 2nd period - Icing by Ryan Nugent-Hopkins.
2:20 of 2nd period - Ryan Nugent-Hopkins wins face-off versus Mark Scheifele in Oilers zone.
2:31 of 2nd period - Snap shot by Mark Scheifele.
2:31 of 2nd period - Shot Misses the Net.
2:33 of 2nd period - Slapshot by Keith Aulie.
2:33 of 2nd period - Stopped by Carter Hart without a rebound.
2:34 of 2nd period - Marcus Foligno wins face-off versus Connor McDavid in Oilers zone.
3:09 of 2nd period - Slapshot by Kyle Clifford.
3:09 of 2nd period - Shot Blocked by Oscar Klefbom.
3:15 of 2nd period - Slapshot by Oscar Klefbom.
3:15 of 2nd period - Deflect By Marcus Pettersson.
3:15 of 2nd period - Stopped by Carter Hart with a rebound.
3:17 of 2nd period - Slapshot by Oscar Klefbom.
3:17 of 2nd period - Stopped by Carter Hart without a rebound.
3:18 of 2nd period - Connor McDavid wins face-off versus Max Reinhart in Oilers zone.
3:29 of 2nd period - Slapshot by Cam Barker.
3:29 of 2nd period - Shot Blocked by Neal Pionk.
3:33 of 2nd period - Penalty to Marcus Johansson is over, Marcus Johansson is back on ice.
3:33 of 2nd period - Snap shot by Connor McDavid.
3:33 of 2nd period - Shot Misses the Net.
3:35 of 2nd period - Wrist shot by Timo Meier.
3:35 of 2nd period - Stopped by Andrei Vasilevskiy without a rebound.
3:36 of 2nd period - Sebastian Aho wins face-off versus Connor McDavid in Penguins zone.
5:17 of 2nd period - Icing by Oscar Klefbom.
5:18 of 2nd period - Sebastian Aho wins face-off versus Leon Draisaitl in Penguins zone.
5:37 of 2nd period - Icing by Neal Pionk.
5:38 of 2nd period - Connor McDavid wins face-off versus Sebastian Aho in Penguins zone.
5:55 of 2nd period - Snap shot by Sebastian Aho.
5:55 of 2nd period - Shot Misses the Net.
5:57 of 2nd period - Slapshot by Neal Pionk.
5:57 of 2nd period - Shot Misses the Net.
5:59 of 2nd period - Snap shot by Neal Pionk.
5:59 of 2nd period - Stopped by Carter Hart without a rebound.
6:00 of 2nd period - Marcus Foligno wins face-off versus Ryan Nugent-Hopkins in Oilers zone.
6:05 of 2nd period - Slapshot by Derek Stepan.
6:05 of 2nd period - Stopped by Carter Hart without a rebound.
6:06 of 2nd period - Connor McDavid wins face-off versus Derek Stepan in Oilers zone.
6:08 of 2nd period - Minor Penalty to Kyle Clifford for Slashing.
6:09 of 2nd period - Connor McDavid wins face-off versus Sebastian Aho in Oilers zone.
8:08 of 2nd period - Penalty to Kyle Clifford is over, Kyle Clifford is back on ice.
8:13 of 2nd period - Brady Skjei is hit by Derek Stepan.
8:52 of 2nd period - Wrist shot by Kyle Clifford.
8:52 of 2nd period - Shot Blocked by Keith Aulie.
8:54 of 2nd period - Slapshot by Kyle Clifford.
8:54 of 2nd period - Shot Misses the Net.
8:56 of 2nd period - Wrist shot by Frederik Gauthier.
8:56 of 2nd period - Stopped by Andrei Vasilevskiy with a rebound.
9:02 of 2nd period - Wrist shot by Brandon Tanev.
9:02 of 2nd period - Stopped by Carter Hart with a rebound.
9:28 of 2nd period - Slapshot by Brandon Tanev.
9:28 of 2nd period - Stopped by Carter Hart without a rebound.
9:29 of 2nd period - Sebastian Aho wins face-off versus Ryan Nugent-Hopkins in Oilers zone.
9:56 of 2nd period - Derek Stepan is hit by Marcus Pettersson and loses puck.
10:01 of 2nd period - Wrist shot by Connor McDavid.
10:01 of 2nd period - Stopped by Andrei Vasilevskiy without a rebound.
10:02 of 2nd period - Ryan Nugent-Hopkins wins face-off versus Jake Guentzel in Penguins zone.
10:09 of 2nd period - Snap shot by Leon Draisaitl.
10:09 of 2nd period - Shot Misses the Net.
11:03 of 2nd period - Slapshot by Marcus Johansson.
11:03 of 2nd period - Shot Misses the Net.
11:05 of 2nd period - Slapshot by Nick Leddy.
11:05 of 2nd period - Deflect By Connor McDavid.
11:05 of 2nd period - Stopped by Carter Hart without a rebound.
11:06 of 2nd period - Ryan Nugent-Hopkins wins face-off versus Marcus Johansson in Oilers zone.
12:01 of 2nd period - Slapshot by Dmitrij Jaskin.
12:01 of 2nd period - Goal by Dmitrij Jaskin - Oilers : 1 - Penguins : 1.
12:02 of 2nd period - Sebastian Aho wins face-off versus Connor McDavid in neutral zone.
12:31 of 2nd period - Slapshot by Brady Skjei.
12:31 of 2nd period - Shot Misses the Net.
12:33 of 2nd period - Slapshot by Darnell Nurse.
12:33 of 2nd period - Shot Misses the Net.
12:57 of 2nd period - Slapshot by Danny DeKeiser.
12:57 of 2nd period - Deflect By Frederik Gauthier.
12:57 of 2nd period - Stopped by Carter Hart with a rebound.
13:03 of 2nd period - Snap shot by Dmitrij Jaskin.
13:03 of 2nd period - Stopped by Carter Hart without a rebound.
13:04 of 2nd period - Sebastian Aho wins face-off versus Connor McDavid in Oilers zone.
13:09 of 2nd period - Snap shot by Mark Scheifele.
13:09 of 2nd period - Stopped by Carter Hart without a rebound.
13:10 of 2nd period - Connor McDavid wins face-off versus Sebastian Aho in Oilers zone.
14:03 of 2nd period - Snap shot by Jake Virtanen.
14:03 of 2nd period - Stopped by Andrei Vasilevskiy without a rebound.
14:04 of 2nd period - Max Reinhart wins face-off versus Frederik Gauthier in Penguins zone.
14:22 of 2nd period - Minor Penalty to Brady Skjei for Hooking.
14:23 of 2nd period - Mark Scheifele wins face-off versus Connor McDavid in Oilers zone.
14:49 of 2nd period - Marcus Foligno is hit by Leon Draisaitl and loses puck.
15:00 of 2nd period - Wrist shot by Ryan Nugent-Hopkins.
15:00 of 2nd period - Stopped by Andrei Vasilevskiy with a rebound.
15:02 of 2nd period - Wrist shot by Ryan Nugent-Hopkins.
15:02 of 2nd period - Goal by Ryan Nugent-Hopkins - Oilers : 2 - Penguins : 1.
15:03 of 2nd period - Connor McDavid wins face-off versus Sebastian Aho in neutral zone.
15:16 of 2nd period - Slapshot by Nick Leddy.
15:16 of 2nd period - Shot Blocked by Kyle Clifford.
15:18 of 2nd period - Slapshot by Oscar Klefbom.
15:18 of 2nd period - Shot Misses the Net.
15:20 of 2nd period - Snap shot by Sebastian Aho.
15:20 of 2nd period - Deflect By Darnell Nurse.
15:20 of 2nd period - Stopped by Carter Hart without a rebound.
15:21 of 2nd period - Derek Stepan wins face-off versus Connor McDavid in Oilers zone.
16:22 of 2nd period - Penalty to Brady Skjei is over, Brady Skjei is back on ice.
16:31 of 2nd period - Backhand shot by Max Reinhart.
16:31 of 2nd period - Shot Blocked by Darnell Nurse.
16:39 of 2nd period - Snap shot by Max Reinhart.
16:39 of 2nd period - Stopped by Carter Hart without a rebound.
16:40 of 2nd period - Ryan Nugent-Hopkins wins face-off versus Sebastian Aho in Oilers zone.
17:05 of 2nd period - Dalton Prout is hit by Marcus Foligno and loses puck.
17:34 of 2nd period - Wrist shot by Pavel Buchnevich.
17:34 of 2nd period - Shot Blocked by Mattias Ekholm.
17:52 of 2nd period - Slapshot by Brandon Tanev.
17:52 of 2nd period - Shot Blocked by Zach Hyman.
17:54 of 2nd period - Snap shot by Danny DeKeiser.
17:54 of 2nd period - Shot Blocked by Mattias Ekholm.
17:56 of 2nd period - Wrist shot by Dmitrij Jaskin.
17:56 of 2nd period - Stopped by Carter Hart with a rebound.
18:21 of 2nd period - Slapshot by Marcus Pettersson.
18:21 of 2nd period - Stopped by Andrei Vasilevskiy with a rebound.
18:23 of 2nd period - Wrist shot by Leon Draisaitl.
18:23 of 2nd period - Shot Misses the Net.
18:25 of 2nd period - Snap shot by Ryan Nugent-Hopkins.
18:25 of 2nd period - Stopped by Andrei Vasilevskiy with a rebound.
18:34 of 2nd period - Keith Aulie is hit by Kyle Clifford.
18:52 of 2nd period - Minor Penalty to Cam Barker for High sticking.
18:53 of 2nd period - Sebastian Aho wins face-off versus Connor McDavid in Oilers zone.
18:54 of 2nd period - Wrist shot by Mark Scheifele.
18:54 of 2nd period - Shot Misses the Net.
19:04 of 2nd period - Snap shot by Mark Scheifele.
19:04 of 2nd period - Shot Blocked by Darnell Nurse.
19:06 of 2nd period - Snap shot by Sebastian Aho.
19:06 of 2nd period - Stopped by Carter Hart with a rebound.
19:08 of 2nd period - Wrist shot by Jake Guentzel.
19:08 of 2nd period - Stopped by Carter Hart without a rebound.
19:09 of 2nd period - Sebastian Aho wins face-off versus Connor McDavid in Oilers zone.
19:16 of 2nd period - Wrist shot by Sebastian Aho.
19:16 of 2nd period - Stopped by Carter Hart without a rebound.
19:17 of 2nd period - Sebastian Aho wins face-off versus Connor McDavid in Oilers zone.
19:34 of 2nd period - Connor McDavid is hit by Mark Scheifele and loses puck.
Goals for this period are 1 for Oilers vs 1 for Penguins.
Shots for this period are 9 for Oilers vs 18 for Penguins.

3rd period


0:01 of 3rd period - Sebastian Aho wins face-off versus Connor McDavid in neutral zone.
0:04 of 3rd period - Darnell Nurse is hit by Nick Leddy and loses puck.
0:27 of 3rd period - Ryan Nugent-Hopkins is hit by Derek Stepan and loses puck.
0:34 of 3rd period - Slapshot by Marcus Foligno.
0:34 of 3rd period - Stopped by Carter Hart with a rebound.
0:36 of 3rd period - Snap shot by Derek Stepan.
0:36 of 3rd period - Goal by Derek Stepan - Oilers : 2 - Penguins : 2.
0:37 of 3rd period - Sebastian Aho wins face-off versus Connor McDavid in neutral zone.
1:54 of 3rd period - Tyson Barrie is hit by Mark Jankowski and loses puck.
2:27 of 3rd period - Snap shot by Sebastian Aho.
2:27 of 3rd period - Goal by Sebastian Aho - Oilers : 2 - Penguins : 3.
2:28 of 3rd period - Sebastian Aho wins face-off versus Connor McDavid in neutral zone.
2:42 of 3rd period - Minor Penalty to Dalton Prout for Holding.
2:43 of 3rd period - Connor McDavid wins face-off versus Jake Guentzel in Oilers zone.
3:29 of 3rd period - Marcus Pettersson is hit by Marcus Foligno and loses puck.
4:10 of 3rd period - Slapshot by Brady Skjei.
4:10 of 3rd period - Shot Misses the Net.
4:12 of 3rd period - Snap shot by Darnell Nurse.
4:12 of 3rd period - Shot Blocked by Mark Scheifele.
4:14 of 3rd period - Wrist shot by Frederik Gauthier.
4:14 of 3rd period - Goal by Frederik Gauthier - Oilers : 3 - Penguins : 3.
4:15 of 3rd period - Connor McDavid wins face-off versus Derek Stepan in neutral zone.
4:32 of 3rd period - Wrist shot by Derek Stepan.
4:32 of 3rd period - Shot Misses the Net.
4:42 of 3rd period - Penalty to Dalton Prout is over, Dalton Prout is back on ice.
4:51 of 3rd period - Wrist shot by Sebastian Aho.
4:51 of 3rd period - Stopped by Carter Hart with a rebound.
5:25 of 3rd period - Off-side.
5:26 of 3rd period - Mark Jankowski wins face-off versus Evan Rodrigues in neutral zone.
5:29 of 3rd period - Oscar Klefbom is hit by Anton Slepyshev and loses puck.
5:36 of 3rd period - Snap shot by Zach Hyman.
5:36 of 3rd period - Shot Misses the Net.
5:38 of 3rd period - Snap shot by Zach Hyman.
5:38 of 3rd period - Shot Misses the Net.
6:18 of 3rd period - Darnell Nurse is hit by Tyson Barrie and loses puck.
7:24 of 3rd period - Marcus Johansson is hit by Mattias Ekholm and loses puck.
7:41 of 3rd period - Slapshot by Cam Barker.
7:41 of 3rd period - Deflect By Marcus Foligno.
7:41 of 3rd period - Stopped by Andrei Vasilevskiy with a rebound.
7:43 of 3rd period - Slapshot by Dalton Prout.
7:43 of 3rd period - Shot Misses the Net.
7:45 of 3rd period - Slapshot by Dalton Prout.
7:45 of 3rd period - Stopped by Andrei Vasilevskiy without a rebound.
7:46 of 3rd period - Derek Stepan wins face-off versus Frederik Gauthier in Penguins zone.
8:19 of 3rd period - Snap shot by Derek Stepan.
8:19 of 3rd period - Shot Misses the Net.
8:21 of 3rd period - Slapshot by Marcus Foligno.
8:21 of 3rd period - Shot Misses the Net.
8:41 of 3rd period - Slapshot by Oscar Klefbom.
8:41 of 3rd period - Shot Misses the Net.
8:47 of 3rd period - Wrist shot by Jake Virtanen.
8:47 of 3rd period - Shot Misses the Net.
8:49 of 3rd period - Slapshot by Brady Skjei.
8:49 of 3rd period - Deflect By Marcus Foligno.
8:49 of 3rd period - Stopped by Andrei Vasilevskiy without a rebound.
8:50 of 3rd period - Connor McDavid wins face-off versus Sebastian Aho in Penguins zone.
8:51 of 3rd period - Wrist shot by Connor Brown.
8:51 of 3rd period - Stopped by Andrei Vasilevskiy without a rebound.
8:52 of 3rd period - Sebastian Aho wins face-off versus Connor McDavid in Penguins zone.
9:07 of 3rd period - Minor Penalty to Marcus Johansson for Hooking.
9:08 of 3rd period - Connor McDavid wins face-off versus Max Reinhart in Penguins zone.
11:07 of 3rd period - Penalty to Marcus Johansson is over, Marcus Johansson is back on ice.
11:21 of 3rd period - Slapshot by Tyler Bertuzzi.
11:21 of 3rd period - Stopped by Andrei Vasilevskiy without a rebound.
11:22 of 3rd period - Mark Scheifele wins face-off versus Mark Jankowski in Penguins zone.
11:22 of 3rd period - Mark Scheifele is hit by Zach Hyman.
11:32 of 3rd period - Snap shot by Sebastian Aho.
11:32 of 3rd period - Shot Blocked by Cam Barker.
11:34 of 3rd period - Snap shot by Marcus Johansson.
11:34 of 3rd period - Stopped by Carter Hart without a rebound.
11:35 of 3rd period - Connor McDavid wins face-off versus Sebastian Aho in Oilers zone.
12:02 of 3rd period - Brady Skjei is hit by Derek Stepan and loses puck.
12:29 of 3rd period - Wrist shot by Anton Slepyshev.
12:29 of 3rd period - Deflect By Neal Pionk.
12:29 of 3rd period - Shot Blocked by Neal Pionk.
12:29 of 3rd period - Puck is out of play.
12:30 of 3rd period - Connor McDavid wins face-off versus Sebastian Aho in Penguins zone.
12:31 of 3rd period - Wrist shot by Connor Brown.
12:31 of 3rd period - Stopped by Andrei Vasilevskiy with a rebound.
12:33 of 3rd period - Snap shot by Kyle Clifford.
12:33 of 3rd period - Shot Misses the Net.
12:35 of 3rd period - Snap shot by Connor McDavid.
12:35 of 3rd period - Stopped by Andrei Vasilevskiy without a rebound.
12:36 of 3rd period - Kyle Clifford wins face-off versus Sebastian Aho in Penguins zone.
12:45 of 3rd period - Slapshot by Danny DeKeiser.
12:45 of 3rd period - Shot Hit the Post.
13:11 of 3rd period - Marcus Pettersson is hit by Danny DeKeiser and loses puck.
13:32 of 3rd period - Backhand shot by Max Reinhart.
13:32 of 3rd period - Shot Misses the Net.
15:29 of 3rd period - Snap shot by Derek Stepan.
15:29 of 3rd period - Stopped by Carter Hart without a rebound.
15:30 of 3rd period - Max Reinhart wins face-off versus Connor McDavid in Oilers zone.
15:33 of 3rd period - Snap shot by Tom Wilson.
15:33 of 3rd period - Shot Misses the Net.
15:45 of 3rd period - Tyson Barrie is hit by Marcus Pettersson and loses puck.
16:54 of 3rd period - Snap shot by Connor McDavid.
16:54 of 3rd period - Stopped by Andrei Vasilevskiy without a rebound.
16:55 of 3rd period - Frederik Gauthier wins face-off versus Max Reinhart in Penguins zone.
17:02 of 3rd period - Slapshot by Tyson Barrie.
17:02 of 3rd period - Stopped by Carter Hart without a rebound.
17:03 of 3rd period - Max Reinhart wins face-off versus Frederik Gauthier in Oilers zone.
17:10 of 3rd period - Snap shot by Max Reinhart.
17:10 of 3rd period - Stopped by Carter Hart with a rebound.
17:12 of 3rd period - Snap shot by Max Reinhart.
17:12 of 3rd period - Stopped by Carter Hart with a rebound.
17:18 of 3rd period - Wrist shot by Tom Wilson.
17:18 of 3rd period - Stopped by Carter Hart with a rebound.
17:20 of 3rd period - Slapshot by Tyson Barrie.
17:20 of 3rd period - Stopped by Carter Hart with a rebound.
17:22 of 3rd period - Slapshot by Tyson Barrie.
17:22 of 3rd period - Stopped by Carter Hart without a rebound.
17:23 of 3rd period - Marcus Johansson wins face-off versus Kyle Clifford in Oilers zone.
18:00 of 3rd period - Wrist shot by Derek Stepan.
18:00 of 3rd period - Stopped by Carter Hart without a rebound.
18:01 of 3rd period - Jake Virtanen wins face-off versus Max Reinhart in Oilers zone.
18:26 of 3rd period - Tom Wilson is hit by Darnell Nurse and loses puck.
18:31 of 3rd period - Slapshot by Ryan Nugent-Hopkins.
18:31 of 3rd period - Stopped by Andrei Vasilevskiy without a rebound.
18:32 of 3rd period - Ryan Nugent-Hopkins wins face-off versus Sebastian Aho in Penguins zone.
18:41 of 3rd period - Snap shot by Ryan Nugent-Hopkins.
18:41 of 3rd period - Shot Blocked by Danny DeKeiser.
18:43 of 3rd period - Snap shot by Leon Draisaitl.
18:43 of 3rd period - Stopped by Andrei Vasilevskiy without a rebound.
18:44 of 3rd period - Tom Wilson wins face-off versus Frederik Gauthier in Penguins zone.
19:11 of 3rd period - Darnell Nurse is hit by Sebastian Aho and loses puck.
19:18 of 3rd period - Snap shot by Mark Scheifele.
19:18 of 3rd period - Stopped by Carter Hart with a rebound.
19:20 of 3rd period - Slapshot by Sebastian Aho.
19:20 of 3rd period - Shot Blocked by Darnell Nurse.
19:32 of 3rd period - Sebastian Aho is hit by Darnell Nurse and loses puck.
Goals for this period are 1 for Oilers vs 2 for Penguins.
Shots for this period are 11 for Oilers vs 14 for Penguins.

Overtime #1


0:01 of 1st overtime period - Mark Scheifele wins face-off versus Connor McDavid in neutral zone.
0:26 of 1st overtime period - Brady Skjei is hit by Marcus Johansson and loses puck.
0:32 of 1st overtime period - Off-side.
0:33 of 1st overtime period - Mark Scheifele wins face-off versus Connor McDavid in neutral zone.
1:04 of 1st overtime period - Wrist shot by Marcus Johansson.
1:04 of 1st overtime period - Stopped by Carter Hart with a rebound.
1:33 of 1st overtime period - Off-side.
1:34 of 1st overtime period - Max Reinhart wins face-off versus Ryan Nugent-Hopkins in neutral zone.
1:42 of 1st overtime period - Off-side.
1:43 of 1st overtime period - Connor McDavid wins face-off versus Mark Scheifele in neutral zone.
2:24 of 1st overtime period - Wrist shot by Connor Brown.
2:24 of 1st overtime period - Shot Blocked by Danny DeKeiser.
2:48 of 1st overtime period - Wrist shot by Timo Meier.
2:48 of 1st overtime period - Stopped by Andrei Vasilevskiy with a rebound.
3:32 of 1st overtime period - Ryan Nugent-Hopkins is hit by Derek Stepan and loses puck.
4:57 of 1st overtime period - Icing by Danny DeKeiser.
4:58 of 1st overtime period - Connor Brown wins face-off versus Mark Scheifele in Penguins zone.
Goals for this period are 0 for Oilers vs 0 for Penguins.
Shots for this period are 1 for Oilers vs 1 for Penguins.

ShootOut


5:00 of 1st overtime period - Round #1.
5:00 of 1st overtime period - Oilers, Connor McDavid.
5:00 of 1st overtime period - Snap shot by Connor McDavid.
5:00 of 1st overtime period - Stopped by Andrei Vasilevskiy.
5:00 of 1st overtime period - Penguins, Mark Scheifele.
5:00 of 1st overtime period - Backhand shot by Mark Scheifele.
5:00 of 1st overtime period - Stopped by Carter Hart.
5:00 of 1st overtime period - Round #2.
5:00 of 1st overtime period - Oilers, Kyle Clifford.
5:00 of 1st overtime period - Deke by Kyle Clifford.
5:00 of 1st overtime period - Stopped by Andrei Vasilevskiy.
5:00 of 1st overtime period - Penguins, Jake Guentzel.
5:00 of 1st overtime period - Deke by Jake Guentzel.
5:00 of 1st overtime period - Goal by Jake Guentzel.
5:00 of 1st overtime period - Round #3.
5:00 of 1st overtime period - Oilers, Connor Brown.
5:00 of 1st overtime period - Wrist shot by Connor Brown.
5:00 of 1st overtime period - Stopped by Andrei Vasilevskiy.